 Dungeon Crawl Stone Soup version 0.21-a0-504-g2eda330 (webtiles) character file.

54 4thArraOfDagon the Firebug (level 3, -3/24 HPs)
             Began as a Barachi Fire Elementalist on Nov 26, 2017.
             Slain by an orc priest (5 damage)
             ... on level 3 of the Dungeon.
             The game lasted 00:03:03 (561 turns).

4thArraOfDagon the Firebug (BaFE)                    Turns: 561, Time: 00:03:04

Health: -3/24      AC:  2    Str: 14    XL:     3   Next: 91%
Magic:  4/7        EV: 12    Int: 21    God:
Gold:   60         SH:  0    Dex: 12    Spells: 3/7 levels left

rFire    + . .     SeeInvis .   i - +0 trident
rCold    . . .     Gourm    .   (no shield)
rNeg     . . .     Faith    .   a - +0 robe
rPois    .         Spirit   .   (no helmet)
rElec    .         Reflect  .   (no cloak)
rCorr    .         Harm     .   (no gloves)
MR       .....                  (no boots)
Stlth    ++........             (no amulet)
HPRegen  0.08/turn              h - ring of protection from fire
MPRegen  0.10/turn              (no ring)

@: mighty, brilliant, slow
A: +LOS, swims, slowness 1, strong legs 1
a: Hop


You were on level 3 of the Dungeon.
You were not hungry.

You visited 1 branch of the dungeon, and saw 3 of its levels.

You collected 60 gold pieces.

Inventory:

Hand Weapons
 i - a +0 trident (weapon)
Armour
 a - a +0 robe (worn)
Jewellery
 h - a ring of protection from fire (left hand)
Scrolls
 d - 3 scrolls of identify {unknown}
 f - 2 scrolls of amnesia {unknown}
 j - a scroll of fog {unknown}
Potions
 e - 2 potions of might
Books
 b - a book of Flames

   Spells                             Type                      Level
   a - Flame Tongue                   Conjuration/Fire             1
   b - Throw Flame                    Conjuration/Fire             2
   c - Conjure Flame                  Conjuration/Fire             3
   d - Inner Flame                    Hexes/Fire                   3
   e - Sticky Flame                   Conjuration/Fire             4
   f - Fireball                       Conjuration/Fire             5
Comestibles
 c - a bread ration


   Skills:
 - Level 2.1 Dodging
 - Level 1.7 Stealth
 + Level 2.7 Spellcasting
 * Level 2.6 Conjurations
 * Level 4.1 Fire Magic


You had 3 spell levels left.
You knew the following spells:

 Your Spells              Type           Power        Failure   Level  Hunger
a - Flame Tongue          Conj/Fire      ####.        1%          1    None
b - Conjure Flame         Conj/Fire      ####....     1%          3    ###....


Dungeon Overview and Level Annotations

Branches:
Dungeon (3/15)

Altars:
Kikubaaqudgha


Innate Abilities, Weirdness & Mutations

Shadows flee at your approach. (+LOS)
You can swim through water.
You cover ground slowly.
You can hop short distances.


Message History

Unknown command.
Casting: Flame Tongue
Confirm with . or Enter, or press ? or * to list all spells.
Aiming: Flame Tongue
Press: ? - help, Shift-Dir - straight line, f - orc priest
Aim: an orc priest (hasn't noticed you)
The flame tongue misses the orc priest.
The orc priest shouts!
The orc priest calls down the wrath of Beogh upon you.
Pain shoots through your body!
Ouch! That really hurt!
* * * LOW HITPOINT WARNING * * *
Unknown command.
It was a potion of might.
You feel very mighty all of a sudden.
Unknown command.
It was a potion of brilliance.
You feel clever all of a sudden. The orc priest hits you.
You die...

≈≈≈....# #≈≈P...# #≈≈....# g
#≈≈....# ####≈≈....#
≈≈≈≈≈≈....# ≈≈≈≈≈≈....#
############## ....P.....##
#........)...#
...........###.@....#####.#
............##o####.#####.#
............##o# #....##.#
.......#.....##.# ##....##.#
.....$##......o.###.....##.#
...... #.....#......_.†....#
..... ##..o..####.....###.##
..##. #......# #....## #.#
......#..o...# #....# #.#


You could see 2 orc priests and an orc.

Vanquished Creatures
  A bullfrog skeleton (D:3)
  An adder (D:3)
  A leopard gecko (D:3)
  2 orcs (D:3)
  2 giant cockroaches (D:2)
  A goblin (D:2)
  4 bats
  A frilled lizard (D:2)
  3 kobolds
  A rat (D:3)
17 creatures vanquished.

Notes
Turn   | Place    | Note
-------+----------+-------------------------------------------
     0 | D:1      | 4thArraOfDagon the Barachi Fire Elementalist began the quest for the Orb.
     0 | D:1      | Reached XP level 1. HP: 13/13 MP: 3/3
   271 | D:3      | Noticed an orc priest
   294 | D:2      | Reached XP level 2. HP: 11/19 MP: 0/5
   448 | D:3      | Found an ancient bone altar of Kikubaaqudgha.
   474 | D:3      | Reached XP level 3. HP: 6/24 MP: 0/6
   479 | D:3      | Learned a level 3 spell: Conjure Flame
   510 | D:3      | Reached skill level 4 in Fire Magic
   561 | D:3      | Slain by an orc priest

Vault maps used:
D:1:      zaba_arrival_water
D:2:      makhleb_altar_promises_db
D:3:      lemuel_castle_with_subvaults, nicolae_overflow_crystal_walls

Skill      XL: |  1  2  3 |
---------------+----------+-----
Conjurations   | 2 |  2.6
Fire Magic     | 4 |  4.1
Dodging        | |  2.1
Stealth        | |  1.7
Spellcasting   | |  2.7

Action                   || total
-------------------------++-------
Melee: Unarmed           ||    15
       Trident           ||     4
 Cast: Flame Tongue      ||    38
       Conjure Flame     ||     1
  Use: Potion            ||     2
Armor: Robe              ||    11
Dodge: Dodged            ||    40

Table legend:
 A = Spawn XP
 B = Non-spawn XP
 C = Spawn XP percentage of total XP
 D = Spawn monster count
 E = Non-spawn monster count
 F = Spawn count percentage of total count
 G = Total turns spent on level
                    A         B        C        D         E        F      G
               +---------+---------+-------+---------+---------+-------+---------
         Total |       0 |      78 |   0.0 |       0 |      17 |   0.0 |   561
               +---------+---------+-------+---------+---------+-------+---------
           D:1 |       0 |       3 |   0.0 |       0 |       2 |   0.0 |    68
           D:2 |       0 |      11 |   0.0 |       0 |       7 |   0.0 |   323
           D:3 |       0 |      64 |   0.0 |       0 |       8 |   0.0 |   170
               +---------+---------+-------+---------+---------+-------+---------
